 Dungeon Crawl Stone Soup version 0.32-a0-329-ge6c31236d6 (webtiles) character file.

Game seed: 8138136205343232676

352 SlipMage the Caller (level 6, 28/28 HPs)
             Began as a Felid Summoner on Feb 16, 2024.
             Quit the game on level 4 of the Dungeon.
             The game lasted 00:20:46 (3262 turns).

SlipMage the Caller (Felid Summoner)                Turns: 3262, Time: 00:20:46

Health: 28/28      AC:  2    Str:  4    XL:     6   Next: 34%
Magic:  5/13       EV: 17    Int: 21    God:
Gold:   138        SH:  0    Dex: 16    Spells: 10/13 levels left
                                        Lives:  2   Deaths: 0

rFire   + . .        (weapon unavailable)
rCold   x . .        (shield unavailable)
rNeg    . . .        (body armour unavailable)
rPois   .            (helmet unavailable)
rElec   .            (cloak unavailable)
rCorr   .            (gloves unavailable)
SInv    +            (boots unavailable)
Will    .....        (no amulet)
Stlth   ++           c - ring of fire
HPRegen 0.24/turn    (no ring)
MPRegen 0.13/turn

%: no passive effects
@: unable to call your familiar
A: very small, claws 1, fangs 3, see invisible, shaggy fur 2, stealthy paws, no
weapons or thrown items, no armour, multi-lived
a: no special abilities


You were on level 4 of the Dungeon.
You visited 1 branch of the dungeon, and saw 5 of its levels.

You collected 138 gold pieces.

Inventory:

Jewellery
 c - a ring of fire (left paw)
 n - a ring of protection from fire
Wands
 o - a wand of digging (2)
 q - a wand of flame (22)
Scrolls
 b - a scroll of butterflies {unknown}
 e - a scroll of enchant armour {unknown}
 g - a scroll of fog {unknown}
 j - 2 scrolls of identify {unknown}
 k - a scroll of blinking {unknown}
 m - a scroll of noise {unknown}
Potions
 a - 2 potions of magic
 d - a potion of heal wounds {unknown}
 f - 5 potions of curing {unknown}
 h - a potion of brilliance {unknown}
 i - a potion of lignification {unknown}
 l - a potion of resistance {unknown}
 p - a potion of might {unknown}


   Skills:
 - Level 3.0 Dodging
 - Level 3.1 Stealth
 + Level 4.4 Spellcasting
 + Level 6.0 Summonings


You had 10 spell levels left.
You knew the following spells:

 Your Spells              Type           Power      Damage    Failure   Level
a - Call Canine Familiar  Summ           30%        N/A       2%          3

Your spell library contained the following spells:

 Spells                   Type           Power      Damage    Failure   Level
 Summon Small Mammal      Summ           100%       N/A       1%          1
 Call Imp                 Summ           60%        N/A       1%          2
 Summon Blazeheart Golem  Fire/Summ      26%        N/A       32%         4
 Summon Lightning Spire   Summ/Air       17%        N/A       32%         4
 Iskenderun's Battlesphe  Conj           4%         2d6       97%         5
 Bombard                  Conj/Erth      2%         9d1       100%        6
 Spellforged Servitor     Conj/Summ      8%         N/A       100%        7


Dungeon Overview and Level Annotations

Branches:
Dungeon (5/15)
 Temple: D:4-7

Altars:
Zin

Annotations:
D:5 Grinder, Pikel


Innate Abilities, Weirdness & Mutations

You have sharp claws.
You have razor-sharp teeth.
You have supernaturally acute eyesight. (SInv)
You are covered in thick fur. (AC +2)
Your paws help you pounce on unaware monsters.
You are incapable of wielding weapons or throwing items.
You cannot wear armour.
You gain extra lives every three experience levels.


Message History

You imbue your familiar with magical energy and its fangs glint viciously.
The lemure hits your inugami!
Pikel cracks his whip.
Your inugami hits the lemure but does no damage.
Your inugami barely misses the lemure.
Casting: Call Canine Familiar (dangerous; 2% risk of failure)
Confirm with . or Enter, or press ? or * to list all spells.
You imbue your familiar with magical energy and its fangs glint viciously.
The lemure barely misses your inugami.
Your inugami barely misses the lemure.
Your inugami hits the lemure.
The lemure hits your inugami but does no damage.
Your inugami hits the lemure. The lemure barely misses your inugami.
Your inugami hits the lemure. The lemure barely misses your inugami.
Your inugami barely misses the lemure.
The lemure hits your inugami.
Your inugami hits the lemure but does no damage.
The lemure hits your inugami.
Your inugami closely misses the lemure.
The lemure hits your inugami.
Your inugami barely misses the lemure.
The lemure hits your inugami but does no damage.
Your inugami closely misses the lemure.
Your inugami closely misses the lemure.
The lemure completely misses your inugami.
Your inugami hits the lemure. Something misses your inugami.
Your inugami closely misses the lemure.
The lemure hits your inugami but does no damage.
Your inugami hits the lemure. The lemure barely misses your inugami.
Your inugami hits the lemure. The lemure barely misses your inugami.
Your inugami closely misses the lemure.
The lemure closely misses your inugami.
Your inugami closely misses the lemure.
The lemure hits your inugami.
Your inugami closely misses the lemure.
The lemure hits your inugami!
Your inugami dies!
Your inugami disappears in a puff of smoke!
You see here a hound corpse.
You see here a +0 scale mail.
There is a stone staircase leading up here.
You climb upwards.
There is a stone staircase leading down here.
Are you sure you want to abandon this character and quit the game? (Confirm with "yes".)

.########.#.###########.##
..........#.# #.#
###########.# ######.#
####### #.# #......#
..#...# #.# #......#
..#...#####.# #......#
.....>....#.# #......#
..#...###.#.######..(...#
..#...###+#.....@.......#
..#.............##......#
..#..(..........#########
###.............#
#.............#
#.............#
#######.####### #######
#.# ......# #.#


There were no monsters in sight!

Vanquished Creatures
  An orc wizard (D:4)
  2 orcs (D:4)
  3 giant cockroaches (D:1)
  2 hobgoblins (D:1)
  A kobold (D:1)
  A quokka (D:2)
  5 bats
  3 frilled lizards (D:1)
18 creatures vanquished.

Vanquished Creatures (collateral kills)
  A lemure (D:5)
  A scorpion (D:4)
  A jelly (D:4)
  A hound (D:5)
  An orc wizard (D:3)
  4 adders
  A shadow imp (D:5)
  2 ufetubi (D:3)
  9 orcs
  3 endoplasms
  A giant cockroach (D:4)
  A goblin (D:1)
  4 hobgoblins
  5 kobolds
  A quokka (D:1)
  2 ball pythons
  4 bats
  A frilled lizard (D:3)
  A rat (D:3)
44 creatures vanquished.

Vanquished Creatures (others)
  An orc wizard (D:3)
1 creature vanquished.

Grand Total: 63 creatures vanquished

Notes
Turn   | Place    | Note
-------+----------+-------------------------------------------
     0 | D:1      | SlipMage the Felid Summoner began the quest for the Orb.
     0 | D:1      | Reached XP level 1. HP: 9/9 MP: 4/4
    94 | D:1      | Reached XP level 2. HP: 12/13 MP: 6/6
   465 | D:1      | Found a faded altar of an unknown god.
   517 | D:1      | Reached XP level 3. HP: 10/16 MP: 7/7
   640 | D:1      | Learned a level 3 spell: Call Canine Familiar
  1169 | D:2      | You fall into a shaft and drop 1 floor!
  1302 | D:3      | Reached XP level 4. HP: 12/21 MP: 6/9
  1302 | D:3      | Gained a life (2 lives remaining)
  1547 | D:3      | Reached skill level 5 in Summonings
  1556 | D:3      | Reached XP level 5. HP: 6/24 MP: 2/11
  1784 | D:3      | Found a glowing silver altar of Zin.
  2376 | D:4      | Gained mutation: You are covered in thick fur. (AC +2)
                  | [Felid growth]
  2376 | D:4      | Reached XP level 6. HP: 28/28 MP: 9/13
  3033 | D:5      | Entered Level 5 of the Dungeon
  3083 | D:5      | Reached skill level 6 in Summonings
  3159 | D:5      | Noticed Pikel
  3160 | D:5      | Noticed Grinder
  3262 | D:4      | Quit the game

Illustrated notes

Levels and vault maps discovered:
D:1:      lightli_arrival_farm, layout_basic, ebering_ecumenical_altar_webs,
          minmay_misc_feat_tiny
D:2:      minmay_diamond_boxcup, layout_loops_ring, basic_altar
D:3:      layout_rooms, mainiacjoe_overflow_brackets
D:4:      layout_basic, serial_bayou_pond_a
D:5:      layout_cave_pods, uniq_grinder, uniq_menkaure, uniq_pikel,
          uniq_blork_the_orc

Skill      XL: |  1  2  3  4  5  6 |
---------------+-------------------+-----
Stealth        | 3 |  3.1
Dodging        | 3 |  3.0
Spellcasting   | 3 4 |  4.4
Summonings     | 5 6 |  6.0

Action                     |  1- 3 |  4- 6 || total
---------------------------+-------+-------++-------
  Melee: Unarmed           |    65 |    27 ||    92
         Bite              |     7 |     3 ||    10
   Cast: Summon Small Mamm |     3 |       ||     3
         Call Canine Famil |     6 |    30 ||    36
    Use: Scroll            |     1 |       ||     1
   Stab: Sleeping          |     1 |       ||     1
         Distracted        |     1 |       ||     1
 Armour: Skin              |    29 |    18 ||    47
  Dodge: Dodged            |    65 |    28 ||    93

Table legend: (Time is in decaauts)
 A = Elapsed time spent in this place.
 B = Non-inter-level travel time spent in this place.
 C = Inter-level travel time spent in this place.
 D = Time resting spent in this place.
 E = Time spent auto-exploring this place.
 F = Levels seen in this place.
 G = Mean time per level.
                   A        B        C        D        E       F      G
               +--------+--------+--------+--------+--------+-----+--------+
         Total |   3285 |   3227 |     58 |    385 |   1717 |   5 |  657.0 |
       Dungeon |   3285 |   3227 |     58 |    385 |   1717 |   5 |  657.0 |
               +--------+--------+--------+--------+--------+-----+--------+

Top non-repeatable levels by time:
     D:1: 1127 daAuts
     D:4: 1115 daAuts
     D:3: 749 daAuts
     D:5: 227 daAuts
     D:2: 64 daAuts
